 Dungeon Crawl Stone Soup version 0.29.1-12-g30fa7ad0bf (webtiles) character file.

Game seed: 8798461404713416623

23 ernesto the Poker (level 3, 28/28 HPs)
             Began as a Merfolk Gladiator on Jan 16, 2023.
             Quit the game on level 2 of the Dungeon.
             The game lasted 00:21:18 (1022 turns).

ernesto the Poker (Merfolk Gladiator)               Turns: 1022, Time: 00:21:19

Health: 28/28      AC:  4    Str: 14    XL:     3   Next: 0%
Magic:  3/3        EV: 13    Int:  7    God:
Gold:   39         SH:  0    Dex: 17    Spells: 2/2 levels left

rFire   . . .      SeeInvis .   a - +0 trident
rCold   . . .      Faith    .   (no shield)
rNeg    . . .      Spirit   .   b - +0 leather armour
rPois   .          Reflect  .   c - +0 helmet
rElec   .          Harm     .   (no cloak)
rCorr   .          Rampage  .   (no gloves)
Will    .....                   (no boots)
Stlth   +.........              (no amulet)
HPRegen 0.09/turn               (no ring)
MPRegen 0.08/turn               (no ring)

@: no status effects
A: (nimble swimmer 2), mertail
a: no special abilities


You were on level 2 of the Dungeon.
You visited 1 branch of the dungeon, and saw 2 of its levels.

You collected 39 gold pieces.

Inventory:

Hand Weapons
 a - a +0 trident (weapon)
 m - a +0 short sword
Missiles
 d - 3 throwing nets (quivered)
 e - a javelin
 o - 3 silver boomerangs
Armour
 b - a +0 leather armour (worn)
 c - a +0 helmet (worn)
Jewellery
 l - an amulet of magic regeneration
Scrolls
 h - a scroll of amnesia {unknown}
 n - 2 scrolls of teleportation {unknown}
 p - a scroll of identify {unknown}
Potions
 f - a potion of degeneration {unknown}
 g - a potion of attraction {unknown}
 i - a potion of resistance {unknown}
 j - a potion of haste {unknown}
 k - a potion of might {unknown}


   Skills:
 + Level 2.7 Fighting
 + Level 4.5 Polearms
 - Level 2.0 Throwing
 + Level 4.5 Dodging


You had 2 spell levels left.
You didn't know any spells.
Your spell library was empty.

Dungeon Overview and Level Annotations

Branches:
Dungeon (2/15)

Altars:


Innate Abilities, Weirdness & Mutations

((You are very nimble when in or above water. (Stealth+, EV+, Speed+++)))
Your lower body shifts to a powerful aquatic tail in water.


Message History

You reach to attack!
You hit the ball python.
The ball python is severely wounded.
You hit the ball python.
You kill the ball python!
A hobgoblin comes into view.
The hobgoblin throws a stone.
The stone misses you.
The hobgoblin throws a stone.
The stone closely misses you.
You reach to attack!
You hit the hobgoblin.
The hobgoblin is lightly wounded.
You hit the hobgoblin.
You kill the hobgoblin!
There is a stone staircase leading up here.
You see here 5 stones.
You start resting.
HP restored.
You see here a ball python corpse.
Found a glowing black potion.
A dart slug and a kobold come into view.
A rat comes into view.
Found a glowing clear potion.
You reach to attack!
You closely miss the rat. You barely miss the rat.
The rat bites you but does no damage.
You hit the rat.
You kill the rat!
You see here a rat corpse.
An endoplasm comes into view.
The endoplasm quivers.
The endoplasm jiggles.
You reach to attack!
You hit the endoplasm.
You kill the endoplasm!
You have reached level 3!
Your experience leads to an increase in your attributes!
Increase (S)trength, (I)ntelligence, or (D)exterity?
You feel agile. x2
Your movement speed is average.
Your attack delay is about 1.0.
Your movement speed is average.
Your attack delay is about 1.0.
Unknown command.
Unknown command.
Unknown command.
Are you sure you want to abandon this character and quit the game? (Confirm with "yes".)

#.... #...### ......
#######.#.... ......
K...........# #......
.....$...##<##.......
.........##..........
..!.......†......!...
w........#<†.........
.........#..†@.......
.........#.#.........
#####......#.#....!..
#....###.>.#.##..
#..... ...##..^ .
.......#..... ...
...........###. ...
............ . ...
........# ##.


There were no monsters in sight!

Vanquished Creatures
  2 ball pythons (D:2)
  3 endoplasms
  A giant cockroach (D:1)
  2 goblins (D:1)
  3 hobgoblins
  4 kobolds (D:1)
  2 quokkas
  A bat (D:1)
  2 rats
20 creatures vanquished.

Notes
Turn   | Place    | Note
-------+----------+-------------------------------------------
     0 | D:1      | ernesto the Merfolk Gladiator began the quest for the Orb.
     0 | D:1      | Reached XP level 1. HP: 16/16 MP: 1/1
   295 | D:1      | Reached XP level 2. HP: 16/23 MP: 2/2
  1022 | D:2      | Reached XP level 3. HP: 28/28 MP: 3/3
  1022 | D:2      | Quit the game

Illustrated notes

Levels and vault maps discovered:
D:1:      erik_arrival_blinker_ship, layout_basic, minmay_hexomino_p4
D:2:      layout_rooms

Action                   || total
-------------------------++-------
Melee: Trident           ||    61
Throw: Throwing net      ||     2
 Stab: Sleeping          ||     1
Armor: Leather armour    ||    17
Dodge: Dodged            ||    34
